 Dungeon Crawl Stone Soup version 0.17-a0-1838-g891d947 (webtiles) character file.

84 kae the Slasher (level 4, -2/31 HPs)
             Began as a High Elf Fighter on Sept 15, 2015.
             Slain by Sigmund
             ... wielding a +0 scythe
              (7 damage)
             ... on level 2 of the Dungeon.
             The game lasted 00:01:26 (2296 turns).

kae the Slasher (High Elf Fighter)                  Turns: 2296, Time: 00:01:26

Health: -2/31      AC:  6    Str: 20    XL:     4   Next: 24%
Magic:  5/5        EV:  7    Int: 12    God:
Gold:   153        SH:  9    Dex: 15    Spells: 0 memorised, 3 levels left

rFire  . . .     SeeInvis .     a - +0 long sword
rCold  . . .     Clarity  .     b - +0 scale mail
rNeg   . . .     SustAt   .     c - +0 shield
rPois  .         Gourm    .     (no helmet)
rElec  .         Spirit   .     (no cloak)
rCorr  .         Warding  .     (no gloves)
rMut   .         Stasis   .     (no boots)
MR     .....                    (no amulet)
Stlth  ..........               (no ring)
                                (no ring)

@: mighty, not resistant to hostile enchantments, extremely unstealthy
A: no striking features
a: no special abilities


You were on level 2 of the Dungeon.
You were not hungry.

You visited 1 branch of the dungeon, and saw 2 of its levels.

You collected 153 gold pieces.

Inventory:

Hand weapons
 a - a +0 long sword (weapon)
Armour
 b - a +0 scale mail (worn)
 c - a +0 shield (worn)
Jewellery
 m - an uncursed ring of poison resistance {unknown}
Scrolls
 f - a scroll of enchant armour {unknown}
 g - a scroll of fear {unknown}
 h - 2 scrolls of identify {unknown}
 j - a scroll of teleportation {unknown}
 o - a scroll of remove curse {unknown}
 p - a scroll of fog {unknown}
 q - a scroll of recharging {unknown}
Potions
 k - 2 potions of resistance {unknown}
 l - 2 potions of lignification {unknown}
 n - a potion of degeneration {unknown}
 r - a potion of cancellation {unknown}
Comestibles
 e - 2 bread rations
 i - a meat ration
 s - a chunk of flesh


   Skills:
 - Level 3.0 Fighting
 + Level 5.5 Long Blades
 - Level 2.6 Armour
 - Level 2.6 Shields


You had 3 spell levels left.
You didn't know any spells.

Dungeon Overview and Level Annotations

Branches:
Dungeon (2/15)

Altars:

Annotations:
D:2 Sigmund


Message History

Drink which item? (? for menu, Esc to quit)
You feel very mighty all of a sudden. Sigmund hits you with a scythe!
Your shield prevents you from hitting Sigmund.
You hit Sigmund.
Sigmund is lightly wounded.
Sigmund hits you but does no damage.
Your shield and scale mail prevent you from hitting Sigmund.
Sigmund is lightly wounded.
Sigmund hits you but does no damage.
You barely miss Sigmund.
Sigmund is lightly wounded.
Sigmund hits you with a scythe.
* * * LOW HITPOINT WARNING * * *
You are too injured to fight recklessly!
You are too injured to fight recklessly!
You slash Sigmund!
Sigmund is heavily wounded.
Sigmund hits you with a scythe!
You die...

#.##.#.##.#.###.##.#.....
#.##.#...#.....#...#....#
#.##.....................
#.#.....<#...............
#.##....##..###...##.....
#.##.#.###.#.......#..#.#
#.##.#.....#.............
#.##.###..##............#
#.##.##.@.########.....##
#.##.##@#.## ##.....##
#.##.#..#..# #........
#.# #.###(######.......#
#.# .. #...............
#.# ..# ########......#.
#.##.# ##.....#....##
##.##### #..#)..#.##...
#......# ##.#..##..###..


You could see Sigmund.

Vanquished Creatures
  4 adders (D:2)
  An ooze (D:2)
  8 bats
  3 giant cockroaches
  6 hobgoblins
  3 jackals (D:1)
  3 kobolds
  A quokka (D:2)
  2 giant geckos (D:2)
  4 giant newts
  4 goblins
  7 rats
46 creatures vanquished.

Notes
Turn   | Place    | Note
--------------------------------------------------------------
     0 | D:1      | kae the High Elf Fighter began the quest for the Orb.
     0 | D:1      | Reached XP level 1. HP: 16/16 MP: 2/2
   319 | D:1      | Reached XP level 2. HP: 17/21 MP: 3/3
   929 | D:1      | Reached skill level 4 in Long Blades
  1276 | D:2      | Reached XP level 3. HP: 17/26 MP: 4/4
  1609 | D:2      | Reached skill level 5 in Long Blades
  1805 | D:2      | Reached XP level 4. HP: 19/31 MP: 5/5
  2118 | D:2      | Found a faded altar to an unknown god.
  2288 | D:2      | Noticed Sigmund
  2296 | D:2      | Slain by Sigmund

Vault maps used:
D:1:      moated_graveyard_arrival
D:2:      ecumenical_altar_1, grunt_decor_mini_mirrors, uniq_sigmund

Action                   |  1- 3 |  4- 6 || total
-------------------------+-------+-------++-------
Melee: Long sword        |   161 |    24 ||   185
  Use: Potion            |       |     1 ||     1
  Eat: Chunk             |     3 |       ||     3
       Bread ration      |       |     1 ||     1
